 Dungeon Crawl Stone Soup version 0.24.1-14-gf8d2b509d9 (webtiles) character file.

Game seed: 11263442637582086344, levelgen mode: deterministic

18973051 TittyCrusher the Middleweight Champion (level 27, 291/291 HPs)
             Began as an Octopode Transmuter on Apr 19, 2024.
             Was the Champion of Cheibriados.
             Escaped with the Orb
             ... and 15 runes on Apr 21, 2024!
             The game lasted 06:19:11 (81278 turns).

TittyCrusher the Middleweight Champion (OpTm)      Turns: 81278, Time: 06:19:11

Health: 291/291    AC: 33    Str: 42    XL:     27
Magic:  62/62      EV: 39    Int: 44    God:    Cheibriados [******]
Gold:   6540       SH: 34    Dex: 45    Spells: 5/59 levels left

rFire    + . .     SeeInvis +     - Unarmed
rCold    + + .     Gourm    .   D - +2 large shield of Winter {MR+ Regen+ Stlth+}
rNeg     + + +     Faith    .   S - +3 hat of Pondering {ponderous, MR+ MP+10 Int+5}
rPois    ∞         Spirit   .   t - amulet of Okaluoco {rPois Regen+}
rElec    +         Reflect  .   d - +4 ring of dexterity
rCorr    .         Harm     .   K - ring of Righexoliu {rF+ Int+4}
MR       +++++                  T - ring "Goast" {+Inv rF+ rN+ Stlth+}
Stlth    +++.......             z - ring "Asos" {AC-4 Dex+8 Slay+3}
HPRegen  1.38/turn              j - ring "Feogu" {rC+ rN+ Str+3}
MPRegen  0.38/turn              p - ring "Minutz" {Ice Str+2 Dex+2}
                                V - ring of see invisible
                                u - ring of Vehumet's Benevolence {MR+ MP+9 Str+4}

@: statue-form, very slow
A: almost no armour, stealthy swim, amphibious, 8 rings, constrict 8, camouflage
1, clever 2, mutation resistance 1, screaming 2, electricity resistance
0: Orb of Zot
}: 15/15 runes: serpentine, barnacled, slimy, silver, golden, iron, obsidian,
icy, bone, abyssal, demonic, glowing, magical, fiery, dark
a: End Transformation, Bend Time, Temporal Distortion, Slouch, Step From Time,
Renounce Religion, Evoke Invisibility


You escaped.
You worshipped Cheibriados.
Cheibriados was exalted by your worship.
You were full.
You were a stone statue.
You visited 18 branches of the dungeon, and saw 88 of its levels.
You visited Pandemonium 1 time, and saw 20 of its levels.
You visited the Abyss 3 times.
You also visited: Trove and Ice Cave.

You collected 10500 gold pieces.
You spent 3960 gold pieces at shops.

Inventory:

Hand Weapons
 M - the +4 staff of Dispater
   (You took it off Dispater on level 7 of the Iron City of Dis)
Missiles
 k - 2258 arrows
 U - 11 throwing nets (quivered)
Armour
 D - the +2 large shield of Winter (worn) {MR+ Regen+ Stlth+}
   (You took it off a daeva in Pandemonium)

   It affects your resistance to hostile enchantments.
   It increases your rate of regeneration.
   It makes you more stealthy.
 Q - the +1 hat of Erregyn {+Blink}
   (You found it on level 2 of the Vaults)

   It lets you blink.
 S - the +3 hat of Pondering (worn) {ponderous, MR+ MP+10 Int+5}
   (You found it on level 2 of the Vaults)

   It affects your intelligence (+5).
   It affects your resistance to hostile enchantments.
   It affects your magic capacity (+10).
Magical Staves
 b - an uncursed staff of wizardry
 q - an uncursed staff of energy
 E - an uncursed staff of earth
Jewellery
 d - a +4 ring of dexterity (left tentacle)
 e - an uncursed ring of protection from cold
 j - the ring "Feogu" (on tentacle) {rC+ rN+ Str+3}
   (You found it on level 3 of the Tomb of the Ancients)

   [ring of protection from cold]

   It affects your strength (+3).
   It protects you from cold.
   It protects you from negative energy.
 p - the ring "Minutz" (on tentacle) {Ice Str+2 Dex+2}
   (You bought it in a shop on level 3 of the Snake Pit)

   [ring of ice]

   It enhances your ice magic.
   It affects your strength (+2).
   It affects your dexterity (+2).
   It makes you vulnerable to fire.
   It protects you from cold.
 t - the amulet of Okaluoco (around mantle) {rPois Regen+}
   (You acquired it on level 1 of the Depths)

   [amulet of regeneration]

   It protects you from poison.
   It increases your rate of regeneration.
 u - the ring of Vehumet's Benevolence (on tentacle) {MR+ MP+9 Str+4}
   (You found it on level 3 of the Tomb of the Ancients)

   [ring of protection from magic]

   It affects your strength (+4).
   It affects your resistance to hostile enchantments.
   It affects your magic capacity (+9).
 v - a +5 ring of strength
 z - the ring "Asos" (on tentacle) {AC-4 Dex+8 Slay+3}
   (You found it on level 4 of the Dungeon)

   [ring of protection]

   It affects your AC (-4).
   It affects your dexterity (+8).
   It affects your accuracy and damage with ranged weapons and melee attacks
   (+3).
 A - the ring of Saown {rPois rF+ rN+}
   (You found it on level 3 of the Crypt)

   [ring of positive energy]

   It protects you from fire.
   It protects you from poison.
   It protects you from negative energy.
 K - the ring of Righexoliu (right tentacle) {rF+ Int+4}
   (You bought it in a shop on level 2 of the Orcish Mines)

   [ring of intelligence]

   It affects your intelligence (+4).
   It protects you from fire.
 L - an uncursed ring of flight
 T - the ring "Goast" (on tentacle) {+Inv rF+ rN+ Stlth+}
   (You took it off a skeletal warrior on level 3 of the Crypt)

   [ring of positive energy]

   It protects you from fire.
   It protects you from negative energy.
   It lets you turn invisible.
   It makes you more stealthy.
 V - a ring of see invisible (on tentacle)
 X - an uncursed ring of protection from cold
Wands
 B - a wand of disintegration (28)
 J - a wand of iceblast (34)
 O - a wand of clouds (7)
 R - a wand of digging (19)
 Z - a wand of scattershot (11)
Scrolls
 h - 6 scrolls of holy word
 i - 26 scrolls of remove curse
 l - 2 scrolls of magic mapping
 o - 6 scrolls of fog
 w - 3 scrolls of immolation
 x - 5 scrolls of blinking
 H - 25 scrolls of teleportation
Potions
 a - 2 potions of resistance
 f - 30 potions of curing
 g - a potion of might
 n - 10 potions of cancellation
 s - 5 potions of brilliance
 y - a potion of ambrosia
 C - 4 potions of invisibility
 F - 9 potions of flight
 G - 15 potions of lignification
 I - 9 potions of heal wounds
 P - 9 potions of agility
 W - 6 potions of magic
 Y - 7 potions of mutation
Miscellaneous
 m - a figurine of a ziggurat
 r - 2 sacks of spiders
 N - a fan of gales
Comestibles
 c - 116 rations


   Skills:
 O Level 27 Fighting
 - Level 20.2 Dodging
 - Level 5.5 Stealth
 - Level 25.0 Shields
 O Level 27 Unarmed Combat
 - Level 16.5 Spellcasting
 - Level 9.0 Charms
 - Level 4.3 Summonings
 - Level 19.5 Necromancy
 - Level 2.0 Translocations
 - Level 19.2 Transmutations
   Level 3.9 Ice Magic
 - Level 8.7 Air Magic
 - Level 21.0 Earth Magic
   Level 3.8 Poison Magic
 + Level 23.0 Invocations
 - Level 14.1 Evocations


You had 5 spell levels left.
You knew the following spells:

 Your Spells              Type           Power        Failure   Level  Hunger
a - Regeneration          Chrm/Necr      ########..   0%          3    None
b - Sticks to Snakes      Tmut           ########     0%          2    None
c - Apportation           Tloc           ######       1%          1    None
d - Passage of Golubria   Tloc           N/A          3%          4    None
e - Confusing Touch       Hex            #####.       1%          1    None
f - Blink                 Tloc           N/A          1%          2    None
g - Deflect Missiles      Chrm/Air       #######...   2%          6    None
h - Statue Form           Tmut/Erth      ########.    1%          6    None
i - Summon Butterflies    Summ           ######..     1%          1    None
j - Lee's Rapid Deconstr  Erth           ########..   0%          5    None
k - Shatter               Erth           ########..   13%         9    #####..
l - Necromutation         Tmut/Necr      ########..   1%          8    ####...
m - Passwall              Tmut/Erth      ########     0%          2    None
n - Sublimation of Blood  Necr           ########..   0%          2    None
o - Song of Slaying       Chrm           #######.     1%          2    None

Your spell library contained the following spells:

 Spells                   Type           Power        Failure   Level  Hunger
 Animate Skeleton         Necr           N/A          0%          1    None
 Beastly Appendage        Tmut           ######       0%          1    None
 Pain                     Necr           ####         0%          1    None
 Sandblast                Erth           ######       0%          1    None
 Corpse Rot               Necr           N/A          0%          2    None
 Vampiric Draining        Necr           ########..   0%          3    None
 Animate Dead             Necr           N/A          0%          4    None
 Petrify                  Tmut/Erth      ########     0%          4    None
 Agony                    Necr           ########     0%          5    None
 Blade Hands              Tmut           ########..   0%          5    None
 Borgnjor's Vile Clutch   Necr/Erth      ########..   0%          5    None
 Dispel Undead            Necr           ########     0%          5    None
 Corona                   Hex            #####..      1%          1    None
 Flame Tongue             Conj/Fire      #####        1%          1    None
 Infusion                 Chrm           ####         1%          1    None
 Magic Dart               Conj           ####         1%          1    None
 Shock                    Conj/Air       ####         1%          1    None
 Sting                    Conj/Pois      ####         1%          1    None
 Summon Small Mammal      Summ           ####         1%          1    None
 Call Imp                 Summ           ######..     1%          2    None
 Ensorcelled Hibernation  Hex/Ice        ######       1%          2    None
 Poisonous Vapours        Pois/Air       ######       1%          2    None
 Searing Ray              Conj           #####.       1%          2    None
 Shroud of Golubria       Chrm/Tloc      ######       1%          2    None
 Slow                     Hex            #####...     1%          2    None
 Swiftness                Chrm/Air       #######.     1%          2    None
 Throw Flame              Conj/Fire      #####.       1%          2    None
 Call Canine Familiar     Summ           ######..     1%          3    None
 Confuse                  Hex            #####...     1%          3    None
 Conjure Flame            Conj/Fire      #####...     1%          3    None
 Dazzling Spray           Conj/Hex       #####.       1%          3    None
 Gell's Gravitas          Tloc           ######....   1%          3    None
 Ignite Poison            Fire/Tmut/Pois #######.     1%          3    None
 Inner Flame              Hex/Fire       #####...     1%          3    None
 Lesser Beckoning         Tloc           ######....   1%          3    None
 Mephitic Cloud           Conj/Pois/Air  ######..     1%          3    None
 Ozocubu's Armour         Chrm/Ice       #######.     1%          3    None
 Portal Projectile        Hex/Tloc       #####.       1%          3    None
 Recall                   Summ/Tloc      N/A          1%          3    None
 Spectral Weapon          Hex/Chrm       ######..     1%          3    None
 Spider Form              Tmut/Pois      #######...   1%          3    None
 Static Discharge         Conj/Air       ######..     1%          3    None
 Stone Arrow              Conj/Erth      ######       1%          3    None
 Summon Guardian Golem    Hex/Summ       ######..     1%          3    None
 Tukima's Dance           Hex            #####...     1%          3    None
 Airstrike                Air            #######...   1%          4    None
 Ice Form                 Ice/Tmut       ########     1%          4    None
 Leda's Liquefaction      Hex/Erth       #######...   1%          4    None
 Olgreb's Toxic Radiance  Pois           ######..     1%          4    None
 Summon Ice Beast         Ice/Summ       #######.     1%          4    None
 Summon Lightning Spire   Summ/Air       #######.     1%          4    None
 Alistair's Intoxication  Tmut/Pois      #######.     1%          5    None
 Bolt of Draining         Conj/Necr      #######...   1%          5    None
 Bolt of Magma            Conj/Fire/Erth #######...   1%          5    None
 Excruciating Wounds      Chrm/Necr      ########..   1%          5    None
 Irradiate                Conj/Tmut      #######...   1%          5    None
 Yara's Violent Unravell  Hex/Tmut       #######...   1%          5    None
 Aura of Abjuration       Summ           ######....   3%          5    None
 Iskenderun's Battlesphe  Conj/Chrm      ######..     3%          5    None
 Lightning Bolt           Conj/Air       ######....   3%          5    None
 Silence                  Hex/Air        ######....   3%          5    None
 Summon Demon             Summ           ######....   3%          5    None
 Force Lance              Conj/Tloc      #####...     4%          4    None
 Summon Forest            Summ/Tloc      ######....   5%          5    None
 Cause Fear               Hex            #####.....   7%          4    None
 Fulminant Prism          Conj/Hex       #####.....   7%          4    None
 Iskenderun's Mystic Bla  Conj           #####...     7%          4    None
 Sticky Flame             Conj/Fire      #####...     7%          4    None
 Summon Mana Viper        Hex/Summ       ######..     8%          5    None
 Metabolic Englaciation   Hex/Ice        ######....   9%          5    None
 Venom Bolt               Conj/Pois      ######....   9%          5    None
 Fireball                 Conj/Fire      #####.....   19%         5    None
 Death Channel            Necr           ########..   1%          6    None
 Hydra Form               Tmut           ########..   1%          6    None
 Iron Shot                Conj/Erth      #######...   1%          6    None
 Simulacrum               Ice/Necr       ########..   1%          6    None
 Dragon Form              Tmut           ########..   1%          7    None
 Borgnjor's Revivificati  Necr           ########..   1%          8    ####...
 Infestation              Necr           ########..   1%          8    ####...
 Haunt                    Necr/Summ      #######...   4%          7    None
 Death's Door             Chrm/Necr      ########..   13%         8    ####...
 Conjure Ball Lightning   Conj/Air       ######....   17%         6    None
 Shadow Creatures         Summ           N/A          17%         6    None
 Freezing Cloud           Conj/Ice/Air   #######...   19%         6    None
 Ozocubu's Refrigeration  Ice            #######...   21%         6    None
 Bolt of Cold             Conj/Ice       ######....   43%         6    None
 Poison Arrow             Conj/Pois      ######....   43%         6    None
 Monstrous Menagerie      Summ           ######....   67%         7    None
 Ring of Flames           Chrm/Fire      ######....   67%         7    None
 Summon Greater Demon     Summ           ######....   67%         7    None
 Summon Hydra             Summ           ######....   67%         7    None
 Bolt of Fire             Conj/Fire      #####.....   71%         6    None
 Darkness                 Hex            #####.....   71%         6    None
 Invisibility             Hex            #####...     71%         6    None
 Malign Gateway           Summ/Tloc      ######....   85%         7    None
 Spellforged Servitor     Conj/Summ      ######....   94%         7    None
 Orb of Destruction       Conj           #####.....   99%         7    None
 Discord                  Hex            #####.....   100%        8    ####...
 Disjunction              Tloc           ######....   100%        8    ####...
 Ignition                 Fire           #####.....   100%        8    ####...
 Summon Horrible Things   Summ           ######....   100%        8    ####...
 Dragon's Call            Summ           ######....   100%        9    #####..
 Tornado                  Air            #######...   100%        9    #####..


Dungeon Overview and Level Annotations

Branches:
Dungeon (15/15)            Temple (1/1) D:7            Lair (6/6) D:8
 Shoals (4/4) Lair:4        Snake (4/4) Lair:4        Slime (5/5) Lair:6
    Orc (2/2) D:9             Elf (3/3) Orc:2        Vaults (5/5) D:14
  Crypt (3/3) Vaults:2       Tomb (3/3) Crypt:3      Depths (5/5) D:15
   Hell (visited)             Dis (7/7) Hell            Geh (7/7) Hell
    Coc (7/7) Hell            Tar (7/7) Hell            Zot (5/5) Depths:5
  IceCv (visited)

Altars:
Ashenzari
Cheibriados
Elyvilon
Fedhas
Gozag
Hepliaklqana
Kikubaaqudgha
Makhleb
Nemelex Xobeh
Okawaru
Qazlal
Ru
Sif Muna
Trog
Uskayaw
Vehumet
Wu Jian
Yredelemnul
Zin
Beogh
Jiyva
Lugonu

Shops:
D:9 *   D:15 =   Orc:2 (=(}   Elf:1 *   Snake:3 =}=   Vaults:5 [

Portals:
Hell: Depths:1 Depths:2 Depths:3 Depths:4 Depths:5
Abyss: Depths:3 Depths:4
Pandemonium: Depths:2 Depths:3 Depths:5
Ziggurat: Depths:2

Annotations:
D:2 exclusion: upstairs
D:3 1 runed translucent door, exclusion: door, Crazy Yiuf
D:7 exclusion: downstairs


Innate Abilities, Weirdness & Mutations

You cannot wear most types of armour.
You are very stealthy in the water. (Stealth+)
You are amphibious.
You can wear up to eight rings at the same time.
You can use your tentacles to constrict eight enemies at once.
Your skin changes colour to match your surroundings (Stealth+).
((Your rubbery body absorbs attacks. (AC +1, EV +1)))
Your mind is very acute. (Int +4)
You are somewhat resistant to further mutation.
You sometimes yell uncontrollably at your foes.
You are resistant to electric shocks. (rElec)


Message History

You block the red devil's attack. x2; The red devil barely misses you.
You block the red devil's attack. x2
You see here a mace.
You block the red devil's attack. x2
Casting: Statue Form (safe; 1% risk of failure)
Confirm with . or Enter, or press ? or * to list all spells.
Aiming: Lee's Rapid Deconstruction (safe; 0% risk of failure)
Press: ? - help, Dir - move target cursor A rock wall.
This square is covered in magical glow.
The wall shatters!
The blast of rock fragments hits the red devil!!!
You kill the red devil!
Cheibriados appreciates the change of pace.
Unknown command.
Unknown command.
Unknown command.
There is an open door here.
There is a staircase leading out of the dungeon here.
You have escaped!

.#............#
##...........[#
#............###########
######....###.#.........#
..# #....# #.#.........#
#)######### #.#.........#
........# #.#.....♣...#
#.#####.# #......8....#
......#.# #...8.......#
#.......# #.#.........#
###.#)#######.#.........#
....#.))....#.#.........#
########....#.###########
#....'...#......#
#....#.#...####.# #
#....#.########.# #
####....#..........#


There were no monsters in sight!

Vanquished Creatures
  Cerebov (Pan)
  Asmodeus (Geh:7)
  Antaeus (Coc:7)
  Dissolution (Slime:2)
  the Royal Jelly (Slime:5)
  Ereshkigal (Tar:7)
  Mnoleg (Pan)
  A seraph (Pan)
  Lom Lobon (Pan)
  Gloorx Vloq (Pan)
  Dispater (Dis:7)
  Tiamat (Zot:4)
  9 orbs of fire
  7 ancient liches
  Mennas (Pan)
  3 juggernauts
  Boris (4 times) (Crypt:3 Vaults:4 Depths:1 Depths:5)
  31 greater mummies
  Sojobo (Depths:4)
  9 shard shrikes
  Saint Roka (Crypt:3)
  4 Killer Klowns (Zot:5)
  Xtahua (Depths:3)
  10 pandemonium lords
  A caustic shrike (Depths:3)
  5 curse toes
  Geryon (Hell)
  Jory (Depths:3)
  9 golden dragons
  2 pearl dragons (Pan)
  Nikola (Shoals:1)
  6 doom hounds
  6 bone dragons
  A profane servitor (Abyss:1)
  12 tentacled monstrosities
  2 electric golems (Zot:5)
  18 Brimstone Fiends
  6 Tzitzimimeh
  2 iron giants
  12 Hell Sentinels
  Rupert (D:12)
  20 liches
  A hellephant (Abyss:5)
  13 Ice Fiends
  28 Orb Guardians
  2 deep elf master archers (Elf:3)
  10 acid blobs (Slime:5)
  7 quicksilver dragons
  3 deep elf blademasters
  A titan (Vaults:5)
  3 tentacled starspawn
  22 Executioners (Pan)
  9 death cobs
  Kirke (Lair:5)
  8 sphinxes
  28 ancient champions
  Gastronok (Orc:1)
  27 shadow dragons
  Ilsuiw (Shoals:2)
  13 nagarajas
  9 tengu reavers
  5 revenants
  Roxanne (Elf:2)
  Donald (Shoals:2)
  16 draconian monks
  10 storm dragons
  2 azure jellies (Slime:5)
  13 fire giants
  9 draconian knights
  A fire giant (shapeshifter) (Depths:2)
  18 daevas (Pan)
  3 ghost moths
  Aizul (Snake:1)
  12 frost giants
  8 vault wardens
  6 draconian scorchers
  23 angels (Pan)
  6 deep elf sorcerers
  6 warmongers (Pan)
  8 curse skulls
  8 draconian stormcallers
  5 iron dragons
  13 draconian shifters
  9 ghouls
  A caustic shrike zombie (Crypt:1)
  34 balrugs
  40 very ugly things
  11 war gargoyles
  17 cacodemons
  2 deep elf elementalists
  8 draconian annihilators
  An elemental wellspring (Coc:7)
  2 entropy weavers
  46 reapers
  3 blood saints (Pan)
  21 ophanim (Pan)
  18 ironheart preservers
  13 green draconians
  20 stone giants
  3 corrupters
  29 apis (Pan)
  10 black draconians
  7 vampire knights
  14 lorocyprocas
  4 black suns (Pan)
  14 white draconians
  19 yellow draconians
  11 deep elf demonologists
  10 bennus
  A dire elephant (shapeshifter) (Vaults:5)
  Azrael (Orc:2)
  18 red draconians
  4 dire elephants (Abyss:5)
  3 spark wasps
  10 deep elf annihilators
  2 eidola (Crypt:3)
  4 merfolk javelineers
  11 purple draconians
  24 mummy priests
  5 ettins
  11 blizzard demons
  14 crystal guardians
  12 deep elf death magi
  9 merfolk impalers
  22 jiangshi
  10 death oozes (Slime:5)
  11 green deaths
  An ettin (shapeshifter) (Depths:2)
  Josephine (D:10)
  12 deep elf high priests
  7 quicksilver dragon zombies
  9 yaktaur captains
  14 great orbs of eyes
  8 fire dragons
  10 rakshasas
  Harold (D:9)
  A fire dragon (shapeshifter) (Depths:2)
  23 naga warriors
  A ghost crab (Tar:7)
  25 vault guards
  5 hell beasts
  9 quicksilver dragon skeletons
  An alligator snapping turtle (shapeshifter) (Depths:2)
  21 ice dragons
  A spriggan air mage (Depths:5)
  9 hydras
  10 centaur warriors
  A two-headed ogre (shapeshifter) (Depths:3)
  4 monstrous demonspawn (Pan)
  26 two-headed ogres
  A catoblepas (D:15)
  A merfolk avatar (Shoals:1)
  4 death knights
  Erica (D:8)
  8 anacondas
  10 ogre magi
  A satyr (Shoals:4)
  26 hell hogs
  9 death yaks
  5 merfolk aquamancers
  7 tengu warriors
  A satyr (shapeshifter) (Depths:2)
  A queen ant (D:11)
  18 death scarabs
  10 deep troll earth magi
  17 vampire magi
  5 deep troll shamans
  38 dancing weapons
  12 thrashing horrors
  5 titan zombies
  4 shock serpents
  20 naga sharpshooters
  7 small abominations
  26 deep elf knights
  A spriggan berserker (Depths:3)
  A fire crab (shapeshifter) (Vaults:4)
  4 iron golems
  44 sun demons
  4 storm dragon zombies
  6 titan skeletons
  7 wretched stars
  18 iron trolls
  5 orc high priests (Orc:2)
  3 storm dragon skeletons
  33 soul eaters
  17 sixfirhies
  170 skeletal warriors
  An iron giant zombie (Crypt:2)
  13 sea snakes
  34 hell knights
  4 salamander mystics
  15 shadow wraiths
  5 infernal demonspawn (Pan)
  2 sea snakes (shapeshifter)
  4 unseen horrors
  3 spatial maelstroms
  6 golden dragon zombies
  A death drake (Tar:1)
  6 anaconda zombies
  27 deep elf archers
  26 shadow demons
  9 flayed ghosts
  A swamp dragon (shapeshifter) (D:13)
  7 gelid demonspawn
  6 wizards
  15 cherubim
  34 deep trolls
  4 naga ritualists
  18 ironbrand convokers
  A kraken simulacrum (Shoals:4)
  A lindwurm (Lair:6)
  14 glowing orange brains
  9 phantasmal warriors
  7 torturous demonspawn
  4 golden dragon skeletons
  5 shadow dragon zombies
  16 harpies
  84 deep elf magi
  14 necromancers
  12 orc knights
  2 wolf spider zombies
  9 mana vipers
  3 obsidian statues (Depths:2)
  6 anaconda skeletons
  3 iron dragon zombies
  3 oklob plants
  5 wolf spiders
  A faun (shapeshifter) (Depths:2)
  An orb spider (Abyss:3)
  39 ugly things
  9 manticores
  16 fauns
  A fire giant zombie (Geh:4)
  A wolf spider (shapeshifter) (Vaults:5)
  3 shining eyes
  5 shadow dragon skeletons
  26 moths of wrath
  2 stone giant zombies
  2 worldbinders (Abyss:1)
  3 orc sorcerers
  2 shock serpent zombies
  3 frost giant zombies
  3 frost giant skeletons
  14 rust devils
  12 salamanders
  An elephant (shapeshifter) (D:15)
  15 elephants
  5 fire giant skeletons
  9 cyclopes
  12 merfolk sirens
  3 ice statues
  6 stone giant skeletons
  20 naga magi
  39 large abominations
  31 black mambas
  5 dire elephant zombies
  An eye of devastation (Slime:3)
  An apocalypse crab (Abyss:4)
  13 vault sentinels
  41 starcursed masses
  4 iron dragon skeletons
  Psyche (D:8)
  31 orange demons
  A torpor snail (Lair:4)
  12 molten gargoyles
  A titan simulacrum (Coc:5)
  Maurice (D:8)
  23 smoke demons
  9 spiny frogs
  8 guardian serpents
  8 water nymphs
  4 gargoyles
  A spriggan zombie (Depths:1)
  4 shock serpent skeletons
  2 dire elephant skeletons
  2 yaktaur zombies (Vaults:5)
  6 kobold demonologists
  6 rime drakes
  A grey draconian zombie (Crypt:3)
  33 yaktaurs
  24 hellions
  A yaktaur (shapeshifter) (Depths:2)
  16 efreet
  A purple draconian zombie (Crypt:1)
  26 tormentors
  A catoblepas zombie (Tar:1)
  2 emperor scorpion zombies
  24 freezing wraiths
  9 demonic crawlers
  17 hellwings
  14 hydra zombies
  16 komodo dragons
  A komodo dragon (shapeshifter) (Depths:4)
  4 ancient zymes
  A catoblepas skeleton (Geh:3)
  48 guardian mummies
  2 silent spectres (Tar:2)
  A polar bear (Lair:3)
  52 ice devils
  A yaktaur skeleton (Vaults:1)
  7 harpy zombies
  52 red devils
  6 tengu conjurers
  8 trolls
  19 merfolk
  A shadow dragon simulacrum (Crypt:1)
  7 bog bodies (Coc:7)
  8 harpy skeletons
  12 wind drakes
  3 hornets
  13 blink frogs
  55 slime creatures
  21 raiju
  4 fire dragon zombies
  2 ice dragon zombies
  7 hydra skeletons
  A jumping spider (Vaults:5)
  8 snapping turtles
  5 ettin zombies
  2 stone giant simulacra
  A blink frog (shapeshifter) (Vaults:2)
  A deep troll zombie (Depths:1)
  4 alligator zombies
  14 hippogriffs
  2 alligator skeletons
  2 black mamba zombies
  8 air elementals
  A guardian serpent skeleton (Crypt:2)
  91 flying skulls
  33 water elementals
  9 fire dragon skeletons
  A spriggan (Lair:2)
  A spriggan (shapeshifter) (Vaults:1)
  An ice dragon skeleton (Geh:1)
  A vampire (D:13)
  13 wyverns
  A wyvern (shapeshifter) (Depths:1)
  5 hogs
  A redback (Vaults:5)
  27 ynoxinuls
  8 shadows
  36 wraiths
  58 yaks
  A tarantella (shapeshifter) (Vaults:3)
  16 ushabtiu
  22 fire elementals
  Grum (D:10)
  A golden eye (shapeshifter) (D:15)
  A human (D:7)
  5 ettin skeletons
  7 basilisks
  3 black mamba skeletons
  10 hungry ghosts
  5 vampire mosquitoes
  22 chaos spawn
  5 steam dragons
  A hog (shapeshifter) (D:15)
  2 wargs
  Edmund (D:5)
  8 insubstantial wisps
  20 neqoxecs
  A spatial vortex (Abyss:5)
  A yaktaur simulacrum (Vaults:1)
  A torturous demonspawn zombie (Geh:6)
  A hydra simulacrum (Hell)
  5 spiny frog zombies
  83 nagas
  8 soldier ants
  15 water moccasins
  2 acid dragons
  A floating eye (shapeshifter) (Depths:2)
  5 porcupines
  68 hell hounds
  A swamp drake (shapeshifter) (Vaults:5)
  A merfolk skeleton (Crypt:1)
  4 sky beasts
  A hornet zombie (Crypt:2)
  5 swamp dragon zombies
  3 spiny frog skeletons
  An eye of draining (shapeshifter) (D:15)
  39 orc warriors
  9 ice beasts
  2 eyes of draining
  A black bear (D:7)
  A black bear (shapeshifter) (Depths:2)
  3 phantoms
  An alligator simulacrum (Hell)
  15 necrophages
  36 ogres
  A snapping turtle zombie (Geh:1)
  11 wolves
  2 manticore zombies
  8 crocodiles
  An elephant skeleton (Crypt:3)
  19 centaurs
  2 swamp dragon skeletons
  4 snapping turtle skeletons
  Blork the orc (D:6)
  3 big kobolds
  The ghost of cstieg1 the Firebug, an amateur DEFE (D:4)
  22 bullfrogs
  7 earth elementals
  A hippogriff skeleton (Crypt:1)
  A hornet simulacrum (D:15)
  6 scorpions
  A scorpion (shapeshifter) (Vaults:5)
  2 wyvern skeletons
  A snapping turtle simulacrum (Hell)
  7 killer bees
  A spriggan skeleton (Tar:6)
  A troll skeleton (Crypt:1)
  6 electric eels
  63 wights
  3 vampire bats
  15 howler monkeys
  8 centaur zombies
  27 crimson imps
  5 lava snakes (Lair:6)
  3 quasits (Abyss:1)
  11 hounds
  A human zombie (Crypt:3)
  6 jellies
  7 centaur skeletons
  38 orc priests
  5 bullfrog skeletons
  3 bullfrog zombies
  14 iron imps
  27 orc wizards
  Jessica (D:3)
  4 iguanas
  A porcupine zombie (Crypt:3)
  2 human skeletons
  27 worker ants
  7 hell rats
  A crocodile zombie (Crypt:2)
  2 ogre zombies
  A dwarf skeleton (Crypt:1)
  2 hound zombies
  47 mummies
  2 hound skeletons
  4 gnolls (D:5)
  4 river rats (Lair:4)
  14 adders
  A scorpion zombie (Crypt:2)
  12 shadow imps
  20 white imps
  13 ufetubi
  An ooze (D:1)
  3 adder zombies
  4 worms
  9 ball lightnings
  3 dart slugs
  6 fire bats
  4 leopard geckos
  121 orcs
  2 spectral bats (D:3)
  19 bats
  3 bat skeletons (D:3)
  2 bat zombies
  4 giant cockroaches
  A gnoll zombie (Crypt:2)
  8 hobgoblins
  15 jackals
  2 quokkas
  3 ball pythons (Snake:2)
  A bat simulacrum (D:3)
  7 frilled lizards
  11 goblins
  16 kobolds
  A kobold zombie (Tar:7)
  A leopard gecko skeleton (D:4)
  2 orc zombies (Dis:7)
  12 rats
  A block of ice (Pan)
  A crawling corpse (Vaults:5)
  2 plants (Shoals:3)
  A starspawn tentacle (Abyss:1)
4834 creatures vanquished.

Vanquished Creatures (collateral kills)
  A death yak (Lair:5)
  A crocodile (Lair:6)
  A worm (D:2)
  A kobold (D:1)
4 creatures vanquished.

Vanquished Creatures (others)
  A lich (Depths:3)
  2 Executioners (Pan)
  2 draconian monks
  A draconian stormcaller (Zot:2)
  A draconian shifter (Zot:2)
  2 blood saints (Pan)
  2 red draconians (Zot:4)
  2 green deaths (Pan)
  A yaktaur captain (Depths:5)
  2 deep elf high priests (Elf:3)
  2 hell hogs
  A glowing orange brain (Pan)
  A wizard (Pan)
  2 necromancers
  A faun (Shoals:1)
  A merfolk siren (Shoals:1)
  2 molten gargoyles (Depths:2)
  4 yaktaurs
  A freezing wraith (Coc:7)
  A red devil (Zot:3)
  A merfolk (Shoals:1)
  A raiju (Depths:2)
  A bog body (Coc:7)
  2 large abominations (Pan)
  A fire dragon skeleton (Geh:7)
  2 water elementals (Depths:2)
  A chaos spawn (Zot:3)
  A sky beast (D:11)
  A snapping turtle skeleton (Pan)
  A wight (Geh:1)
  4 white imps
  2 ufetubi (IceCv)
  22 ball lightnings
  A kobold (D:12)
  A block of ice (Pan)
  25 bushes (D:14)
  13 fungi
  A lurking horror (Abyss:3)
  13 plants
  7 starspawn tentacles
  A tentacle (Shoals:4)
134 creatures vanquished.

Grand Total: 4972 creatures vanquished

Notes
Turn   | Place    | Note
-------+----------+-------------------------------------------
     0 | D:1      | TittyCrusher the Octopode Transmuter began the quest for
                  | the Orb.
     0 | D:1      | Reached XP level 1. HP: 13/13 MP: 3/3
   136 | D:1      | Reached XP level 2. HP: 18/18 MP: 3/5
   141 | D:1      | Learned a level 2 spell: Sticks to Snakes
   639 | D:2      | Found a basalt altar of Yredelemnul.
   863 | D:1      | Reached XP level 3. HP: 18/23 MP: 4/6
   878 | D:1      | Learned a level 3 spell: Spider Form
  1016 | D:1      | Reached skill level 1 in Poison Magic
  1606 | D:2      | Reached XP level 4. HP: 28/28 MP: 3/7
  1828 | D:2      | Found a blossoming altar of Fedhas.
  1828 | D:2      | Found a hazy altar of Hepliaklqana.
  2457 | D:3      | Reached XP level 5. HP: 33/33 MP: 4/8
  2586 | D:3      | Found a runed translucent door.
  2587 | D:3      | Noticed Crazy Yiuf
  3064 | D:3      | Noticed Jessica
  3072 | D:3      | Killed Jessica
  3141 | D:3      | Reached XP level 6. HP: 32/38 MP: 9/9
  3380 | D:3      | Reached skill level 5 in Unarmed Combat
  3598 | D:4      | Found a transporter.
  3600 | D:4      | Noticed cstieg1's ghost (amateur DEFE)
  3608 | D:4      | Found a transporter.
  3736 | D:4      | Reached XP level 7. HP: 33/43 MP: 7/10
  4180 | D:4      | Found a transporter.
  4184 | D:4      | Found a transporter.
  4189 | D:4      | Noticed a kobold demonologist
  4191 | D:4      | Found a white marble altar of Elyvilon.
  4191 | D:4      | Found a shattered altar of Ashenzari.
  4308 | D:4      | Found an ancient bone altar of Kikubaaqudgha.
  4695 | D:5      | Entered Level 5 of the Dungeon
  4953 | D:4      | Reached XP level 8. HP: 19/48 MP: 6/11
  5270 | D:5      | Found a transporter.
  5703 | D:5      | Learned a level 4 spell: Ice Form
  6013 | D:5      | Reached skill level 5 in Fighting
  6198 | D:5      | Noticed Edmund
  6331 | D:5      | Killed Edmund
  6347 | D:5      | Found a transporter.
  6702 | D:5      | Reached XP level 9. HP: 63/63 MP: 12/12
  7296 | D:6      | Noticed Blork the orc
  7375 | D:6      | Killed Blork the orc
  8208 | D:7      | Reached skill level 5 in Dodging
  8381 | D:7      | Found a staircase to the Ecumenical Temple.
  8397 | Temple   | Entered the Ecumenical Temple
  8401 | Temple   | Became a worshipper of Cheibriados the Contemplative
  8464 | D:7      | Found a sparkling altar of Nemelex Xobeh.
  8882 | D:8      | Gained mutation: You are dopey. (Int -2) [potion of
                  | mutation]
  8882 | D:8      | Gained mutation: You expend magic power (3 MP) to
                  | strengthen your wands. [potion of mutation]
  8882 | D:8      | Gained mutation: One of your tentacles bears a spike.
                  | [potion of mutation]
  8895 | D:8      | Noticed Erica
  8930 | D:8      | Reached skill level 1 in Ice Magic
  9141 | D:8      | Noticed a troll
  9476 | D:7      | Reached XP level 10. HP: 32/72 MP: 7/13
  9849 | D:7      | Reached * piety under Cheibriados
 10059 | D:8      | Noticed Psyche
 10064 | D:8      | Noticed Maurice
 10069 | D:8      | Killed Psyche
 10084 | D:7      | Reached skill level 10 in Unarmed Combat
 10642 | D:8      | Killed Maurice
 10644 | D:8      | Reached ** piety under Cheibriados
 10987 | D:8      | Lost mutation: You expend magic power (3 MP) to strengthen
                  | your wands. [potion of mutation]
 10987 | D:8      | Lost mutation: One of your tentacles bears a spike. [potion
                  | of mutation]
 10987 | D:8      | Gained mutation: Scrolls take you a little longer to read.
                  | [potion of mutation]
 10987 | D:8      | Gained mutation: Your body sometimes deteriorates upon
                  | taking damage. [potion of mutation]
 10987 | D:8      | Gained mutation: You tend to lose your temper in combat.
                  | [potion of mutation]
 10987 | D:8      | Gained mutation: You are agile. (Dex +2) [potion of
                  | mutation]
 10988 | D:8      | Lost mutation: You are dopey. (Int -2) [potion of mutation]
 10988 | D:8      | Lost mutation: You tend to lose your temper in combat.
                  | [potion of mutation]
 10988 | D:8      | Gained mutation: Your mind is acute. (Int +2) [potion of
                  | mutation]
 10988 | D:8      | Gained mutation: Your mind is very acute. (Int +4) [potion
                  | of mutation]
 11200 | D:8      | Found a staircase to the Lair.
 11227 | D:8      | Killed Erica
 11227 | D:8      | Reached skill level 5 in Transmutations
 11366 | D:8      | Found a shimmering blue altar of Sif Muna.
 11556 | Lair:1   | Entered Level 1 of the Lair of Beasts
 11564 | Lair:1   | Reached XP level 11. HP: 77/77 MP: 9/14
 11629 | Lair:1   | Reached skill level 1 in Invocations
 11650 | Lair:1   | Reached *** piety under Cheibriados
 12050 | Lair:1   | Noticed a four-headed hydra
 12057 | Lair:1   | Killed a four-headed hydra
 13105 | Lair:2   | Noticed a death yak
 13113 | Lair:2   | Killed a death yak
 13426 | Lair:2   | Reached **** piety under Cheibriados
 13448 | Lair:2   | Reached XP level 12. HP: 61/82 MP: 13/15
 13507 | Lair:2   | Learned a level 1 spell: Confusing Touch
 13938 | Lair:3   | Reached skill level 5 in Invocations
 14185 | Lair:3   | Noticed a five-headed hydra
 14195 | Lair:3   | Killed a five-headed hydra
 14968 | Lair:3   | Learned a level 2 spell: Blink
 14982 | Lair:4   | Reached skill level 1 in Translocations
 15186 | Lair:4   | Reached ***** piety under Cheibriados
 15664 | Lair:4   | Found a staircase to the Snake Pit.
 15978 | Lair:4   | Found a staircase to the Shoals.
 16439 | Lair:5   | Noticed a death yak
 16446 | Lair:5   | Noticed a death yak
 16456 | Lair:4   | Killed a death yak
 16456 | Lair:4   | Reached XP level 13. HP: 85/88 MP: 14/18
 16534 | Lair:4   | Reached skill level 15 in Unarmed Combat
 17219 | Lair:5   | Noticed Kirke
 17234 | Lair:5   | Killed Kirke
 17871 | Lair:6   | Entered Level 6 of the Lair of Beasts
 18193 | Lair:5   | Learned a level 5 spell: Blade Hands
 18656 | Lair:6   | Reached skill level 5 in Spellcasting
 18975 | Lair:6   | Found a staircase to the Slime Pits.
 19012 | Lair:6   | Reached skill level 5 in Stealth
 19392 | Lair:6   | Reached ****** piety under Cheibriados
 19471 | Lair:6   | Reached XP level 14. HP: 93/93 MP: 17/23
 20991 | Lair:6   | Reached skill level 10 in Invocations
 21265 | Lair:6   | Found a large runed translucent door.
 21266 | Lair:6   | Found a large runed translucent door.
 21751 | D:9      | Found a staircase to the Orcish Mines.
 21763 | D:9      | Found Gialuhoe's Lightly-Used Armoury.
 21872 | D:9      | Found a glowing silver altar of Zin.
 22006 | D:9      | Found an opulent altar of Gozag.
 22256 | D:9      | Found a blossoming altar of Fedhas.
 22301 | D:10     | Entered Level 10 of the Dungeon
 22322 | D:10     | Noticed Harold
 22345 | D:9      | Killed Harold
 22780 | D:10     | Found a roughly hewn altar of Beogh.
 23070 | D:10     | Learned a level 3 spell: Regeneration
 23077 | D:10     | Noticed Josephine
 23078 | D:10     | Noticed Grum
 23097 | D:10     | Reached skill level 1 in Charms
 23097 | D:10     | Reached skill level 1 in Necromancy
 23100 | D:10     | Killed Josephine
 23482 | D:10     | Killed Grum
 23716 | D:11     | Found Wyapicw's Food Boutique.
 24198 | D:12     | Found a radiant altar of Vehumet.
 24407 | D:12     | Reached XP level 15. HP: 99/99 MP: 20/24
 24475 | D:12     | Noticed Rupert
 24962 | D:12     | Learned a level 6 spell: Statue Form
 25158 | D:13     | Reached skill level 1 in Earth Magic
 25976 | D:13     | Reached skill level 5 in Earth Magic
 26940 | D:14     | Found a gate to the Vaults.
 28172 | Orc:1    | Entered Level 1 of the Orcish Mines
 28268 | Orc:2    | Entered Level 2 of the Orcish Mines
 28343 | Orc:2    | Noticed Azrael
 28363 | Orc:2    | Killed Azrael
 28646 | Orc:1    | Noticed Gastronok
 28655 | Orc:1    | Killed Gastronok
 28990 | Orc:2    | Found a staircase to the Elven Halls.
 29326 | Orc:2    | Reached XP level 16. HP: 104/104 MP: 17/25
 29544 | Orc:2    | Found Merra's Antique Weapon Shoppe.
 29544 | Orc:2    | Found Kogy's Gadget Shoppe.
 29545 | Orc:2    | Found Siwkog's Weapon Shoppe.
 29545 | Orc:2    | Found Uken's Jewellery Emporium.
 29557 | Orc:2    | Bought the ring of Righexoliu {rF+ Int+4} for 533 gold
                  | pieces
 29566 | Orc:2    | Bought the amulet "Ciruamupn" {Gourm +Fly MR+ Int-2 Slay+3}
                  | for 690 gold pieces
 29872 | D:12     | Killed Rupert
 30008 | D:15     | Entered Level 15 of the Dungeon
 30235 | Orc:2    | Bought an uncursed ring of see invisible for 195 gold
                  | pieces
 30465 | D:15     | Reached skill level 10 in Earth Magic
 30590 | D:15     | Found Nitilos's Jewellery Boutique.
 30593 | D:15     | Bought a +5 ring of intelligence for 576 gold pieces
 30665 | D:15     | Reached skill level 1 in Shields
 31574 | D:15     | Found a staircase to the Depths.
 31808 | Snake:1  | Entered Level 1 of the Snake Pit
 31890 | Snake:1  | Noticed Aizul
 31897 | Snake:1  | Killed Aizul
 31928 | Snake:1  | Reached XP level 17. HP: 109/109 MP: 26/26
 32177 | Snake:1  | You fall into a shaft and drop 1 floor!
 33319 | Snake:3  | Reached XP level 18. HP: 116/116 MP: 27/27
 33320 | Snake:3  | Lost mutation: Scrolls take you a little longer to read.
                  | [potion of mutation]
 33320 | Snake:3  | Lost mutation: Your body sometimes deteriorates upon taking
                  | damage. [potion of mutation]
 33320 | Snake:3  | Gained mutation: One of your tentacles bears a spike.
                  | [potion of mutation]
 33361 | Snake:3  | Reached XP level 19. HP: 120/120 MP: 25/28
 33487 | Snake:3  | Found an ornate altar of the Wu Jian Council.
 34051 | Snake:3  | Found Teog's Jewellery Boutique.
 34053 | Snake:3  | Found Fefeu's Gadget Shoppe.
 34054 | Snake:3  | Found Wuogish's Jewellery Boutique.
 34484 | Snake:4  | Entered Level 4 of the Snake Pit
 35044 | Snake:4  | Reached skill level 15 in Invocations
 35089 | Snake:4  | Reached XP level 20. HP: 126/126 MP: 25/31
 35109 | Snake:4  | Got a serpentine rune of Zot
 35287 | Snake:4  | Reached skill level 10 in Dodging
 35753 | Shoals:1 | Entered Level 1 of the Shoals
 35985 | Shoals:1 | Noticed Nikola
 36000 | Shoals:1 | Killed Nikola
 36172 | Shoals:1 | Got a faintly glowing turquoise ring
 36684 | Shoals:2 | Noticed Donald
 36694 | Shoals:2 | Killed Donald
 36832 | Shoals:2 | Noticed Ilsuiw
 36848 | Shoals:2 | Killed Ilsuiw
 37390 | Shoals:3 | Identified the ring "Ucezejy" {Fire rN+ Int+3} (You found
                  | it on level 1 of the Shoals)
 38106 | Shoals:4 | Entered Level 4 of the Shoals
 38164 | Shoals:4 | Found a frozen archway.
 38180 | IceCv    | Entered an ice cave
 38724 | Shoals:4 | Reached XP level 21. HP: 102/131 MP: 18/32
 38733 | Shoals:4 | Got a barnacled rune of Zot
 38828 | Shoals:4 | Identified the Catalogue of Helpful Intoxication
 39536 | D:4      | Killed cstieg1's ghost
 39542 | D:4      | Got a transparent glass ring
 39543 | D:4      | Identified the cursed ring "Asos" {AC-4 Dex+8 Slay+3} (You
                  | found it on level 4 of the Dungeon)
 40056 | Elf:1    | Entered Level 1 of the Elven Halls
 40069 | Elf:1    | Reached skill level 5 in Shields
 40244 | Elf:1    | Found Jag Tin's Mayhem Merchandise.
 40890 | Elf:2    | Found a huge runed translucent gate.
 40892 | Elf:2    | Found a huge runed translucent gate.
 40892 | Elf:2    | Found a huge runed translucent gate.
 40893 | Elf:2    | Found a huge runed translucent gate.
 40893 | Elf:2    | Found a huge runed translucent gate.
 40969 | Elf:2    | Noticed Roxanne
 40980 | Elf:2    | Killed Roxanne
 40980 | Elf:2    | Reached skill level 10 in Shields
 41560 | Elf:3    | Entered Level 3 of the Elven Halls
 41872 | Elf:3    | Reached XP level 22. HP: 137/137 MP: 33/33
 42164 | Elf:3    | Identified the Papyrus of Earthen Flight
 42258 | Elf:3    | Identified the Volume of Displaced Conjuration
 42282 | Elf:3    | Identified the Almanac of Damaging Dislocation
 42328 | Elf:3    | Learned a level 1 spell: Apportation
 42333 | Elf:3    | Learned a level 4 spell: Passage of Golubria
 42441 | Elf:3    | Found the +7 captain's cutlass {speed, disarm}
 43526 | Vaults:1 | Entered Level 1 of the Vaults
 43755 | Vaults:1 | Reached skill level 15 in Shields
 43907 | Vaults:1 | Found a portal to a secret trove of treasure.
 45456 | Vaults:1 | You paid a toll of a +8 demon trident to enter a treasure
                  | trove
 45457 | Trove    | Entered a treasure trove
 45476 | Trove    | Identified Sif Muna's Compendium of Moulding
 45486 | Trove    | Identified the Almanac of Dark Orientation
 45492 | Trove    | Identified the Tome of Fire and Weightlessness
 45512 | Trove    | Identified Sif Muna's Almanac of the Entourage and
                  | Transformation
 45521 | Trove    | Identified Sif Muna's Reference Book on Sinister Poison
 45549 | Vaults:1 | Learned a level 6 spell: Deflect Missiles
 45715 | Vaults:1 | Reached skill level 1 in Air Magic
 46160 | Vaults:2 | Reached skill level 5 in Charms
 46216 | Vaults:2 | Found the +3 hat of Pondering {ponderous, MR+ MP+10 Int+5}
 46271 | Vaults:2 | Found a radiant altar of Vehumet.
 46284 | Vaults:2 | Identified the +1 hat of Erregyn {+Blink} (You found it on
                  | level 2 of the Vaults)
 46296 | Vaults:2 | Found the +3 crown of Dyrovepreva {rElec Int+2 SInv}
 46372 | Vaults:2 | Found a staircase to the Crypt.
 46372 | Vaults:2 | Found a basalt altar of Yredelemnul.
 46373 | Vaults:2 | Found an ancient bone altar of Kikubaaqudgha.
 46409 | Vaults:2 | Reached skill level 5 in Air Magic
 46595 | Vaults:2 | Reached XP level 23. HP: 142/142 MP: 34/34
 47839 | Vaults:3 | Learned a level 1 spell: Summon Butterflies
 48076 | Crypt:1  | Entered Level 1 of the Crypt
 49039 | Crypt:2  | Reached skill level 10 in Spellcasting
 49080 | Crypt:2  | Reached XP level 24. HP: 148/148 MP: 37/37
 49659 | Crypt:3  | Entered Level 3 of the Crypt
 49779 | Crypt:3  | Noticed Boris
 49791 | Crypt:3  | Killed Boris
 50037 | Crypt:3  | Found a staircase to the Tomb.
 50071 | Crypt:3  | Noticed Saint Roka
 50084 | Crypt:3  | Killed Saint Roka
 50231 | Crypt:3  | Identified the +10 quarterstaff of Sin {protect, rF+}
 50231 | Crypt:3  | Identified the ring "Goast" {+Inv rF+ rN+ Stlth+}
 50237 | Crypt:3  | Found a basalt altar of Yredelemnul.
 50453 | Crypt:3  | Noticed an ancient lich
 50458 | Crypt:3  | Killed an ancient lich
 50503 | Crypt:3  | Identified the ring of Saown {rPois rF+ rN+} (You found it
                  | on level 3 of the Crypt)
 50934 | Vaults:4 | Reached skill level 1 in Evocations
 51026 | Vaults:4 | Reached skill level 5 in Evocations
 51026 | Vaults:4 | Reached XP level 25. HP: 153/153 MP: 40/40
 51705 | Vaults:4 | Noticed Boris
 51707 | Vaults:4 | Reached skill level 10 in Evocations
 51711 | Vaults:4 | Killed Boris
 52146 | Depths:1 | Entered Level 1 of the Depths
 52713 | Depths:1 | Identified 2 scrolls of acquirement
 52716 | Depths:1 | Identified the +10 large shield "Ytitsoy" {MR+ rCorr Int+4}
                  | (You acquired it on level 1 of the Depths)
 52717 | Depths:1 | Identified the amulet of Okaluoco {rPois Regen+} (You
                  | acquired it on level 1 of the Depths)
 52937 | Depths:1 | Noticed Boris
 52945 | Depths:1 | Killed Boris
 53030 | Depths:1 | Found a gateway to Hell.
 53206 | Depths:1 | Identified Roleteqatu's Incunabulum of Evil and Fire
 53254 | Depths:1 | Found the +6 shillelagh "Devastator" {shatter}
 53589 | Depths:2 | You fall into a shaft and drop 2 floors!
 53596 | Depths:4 | Reached XP level 26. HP: 159/159 MP: 40/40
 53643 | Depths:4 | Found the +8 orange crystal plate armour {Archmagi, Int+3
                  | Clar}
 53703 | Depths:3 | Noticed a juggernaut
 53712 | Depths:3 | Killed a juggernaut
 54132 | Depths:2 | Found a one-way gate leading to the halls of Pandemonium.
 54148 | Depths:2 | Found a gateway to a ziggurat.
 54546 | Depths:3 | Found a one-way gate to the infinite horrors of the Abyss.
 54682 | Depths:3 | Noticed Jory
 54693 | Depths:3 | Killed Jory
 54727 | Depths:3 | Noticed Xtahua
 54732 | Depths:3 | Killed Xtahua
 55452 | Depths:4 | Noticed Sojobo
 55472 | Depths:4 | Killed Sojobo
 55596 | Depths:4 | Reached XP level 27. HP: 164/164 MP: 40/40
 55626 | Depths:4 | Found the +6 Majin-Bo {vamp, Archmagi MP+6 Int+6}
 55803 | Depths:4 | Found a corrupted altar of Lugonu.
 56272 | Depths:5 | Entered Level 5 of the Depths
 56500 | Depths:5 | Noticed a juggernaut
 56505 | Depths:5 | Killed a juggernaut
 56543 | Depths:5 | Noticed Boris
 56544 | Depths:5 | Noticed a juggernaut
 56549 | Depths:5 | Killed a juggernaut
 56550 | Depths:5 | Killed Boris
 56967 | Depths:5 | Found a gate to the Realm of Zot.
 57474 | Slime:1  | Entered Level 1 of the Pits of Slime
 57498 | Slime:2  | Noticed Dissolution
 57501 | Slime:2  | Killed Dissolution
 57554 | Slime:5  | Entered Level 5 of the Pits of Slime
 57589 | Slime:5  | Noticed the Royal Jelly
 57590 | Slime:5  | Found a viscous altar of Jiyva.
 57599 | Slime:5  | Killed the Royal Jelly
 57624 | Slime:5  | Found the +6 arbalest "Damnation" {damnation}
 57634 | Slime:5  | Got a slimy rune of Zot
 57749 | Slime:5  | Identified the ring "Tintiept" {Fire Dex+2} (You found it
                  | on level 5 of the Pits of Slime)
 58204 | Vaults:5 | Entered Level 5 of the Vaults
 58315 | Vaults:5 | Found Wabiz's Armour Shoppe.
 58349 | Vaults:5 | Noticed an ancient lich
 58354 | Vaults:5 | Killed an ancient lich
 58771 | Vaults:5 | Got a silver rune of Zot
 58879 | Vaults:5 | Identified the +4 ring mail "Yppifef" {rPois Int+3 Dex+4}
 59771 | Vaults:5 | Learned a level 5 spell: Lee's Rapid Deconstruction
 60188 | Zot:1    | Entered Level 1 of the Realm of Zot
 60195 | Zot:1    | Reached skill level 10 in Transmutations
 60224 | Depths:5 | Learned a level 9 spell: Shatter
 60233 | Depths:5 | Learned a level 8 spell: Necromutation
 60607 | Zot:1    | Reached skill level 5 in Necromancy
 61268 | Zot:2    | Reached skill level 10 in Necromancy
 61512 | Zot:2    | You fall into a shaft and drop 2 floors!
 61512 | Zot:4    | Found a glowing silver altar of Zin.
 61515 | Zot:4    | Identified the +4 dragonskin cloak
 61515 | Zot:4    | Noticed Tiamat
 61530 | Zot:4    | Killed Tiamat
 61569 | Zot:4    | Identified Ixkorphuwk's Almanac of Fire and Brimstone
 61582 | Zot:4    | Identified Deibu's Compendium of the Zealot
 63077 | Zot:4    | Noticed an orb of fire
 63087 | Zot:4    | Killed an orb of fire
 63106 | Zot:4    | Noticed an orb of fire
 63115 | Zot:4    | Killed an orb of fire
 63221 | Zot:4    | Reached skill level 15 in Spellcasting
 63392 | Zot:4    | Noticed an orb of fire
 63510 | Zot:5    | Entered Level 5 of the Realm of Zot
 63972 | Zot:5    | Noticed an ancient lich
 63980 | Zot:5    | Killed an ancient lich
 63983 | Zot:5    | Noticed an orb of fire
 63984 | Zot:5    | Gained mutation: You are frail. (-10% HP) [an orb of fire]
 63986 | Zot:5    | Killed an orb of fire
 64024 | Zot:5    | Noticed an orb of fire
 64032 | Zot:5    | Killed an orb of fire
 64049 | Zot:5    | Noticed an orb of fire
 64054 | Zot:5    | Gained mutation: You tend to lose your temper in combat.
                  | [an orb of fire]
 64060 | Zot:5    | Killed an orb of fire
 64072 | Zot:5    | Lost mutation: You tend to lose your temper in combat.
                  | [potion of mutation]
 64072 | Zot:5    | Lost mutation: You are frail. (-10% HP) [potion of
                  | mutation]
 64072 | Zot:5    | Lost mutation: Your mind is very acute. (Int +4) [potion of
                  | mutation]
 64072 | Zot:5    | Gained mutation: You have a pair of small antennae on your
                  | head. [potion of mutation]
 64072 | Zot:5    | Gained mutation: One of your tentacles bears a nasty spike.
                  | [potion of mutation]
 64161 | Zot:5    | Noticed an orb of fire
 64161 | Zot:5    | Noticed an orb of fire
 64162 | Zot:5    | Noticed an orb of fire
 64166 | Zot:5    | Noticed an orb of fire
 64169 | Zot:5    | Killed an orb of fire
 64171 | Zot:5    | Gained mutation: Your spells are a little easier to cast,
                  | but a little less powerful. [an orb of fire]
 64172 | Zot:5    | Killed an orb of fire
 64179 | Zot:5    | Gained mutation: You are partially covered in molten
                  | scales. (AC +2) [an orb of fire]
 64181 | Zot:5    | Killed an orb of fire
 64185 | Zot:5    | Noticed an ancient lich
 64188 | Zot:5    | Killed an orb of fire
 64194 | Zot:5    | Killed an ancient lich
 64194 | Zot:5    | Reached skill level 15 in Earth Magic
 64840 | Depths:4 | Voluntarily entered the Abyss.
 65092 | Abyss:1  | Gained mutation: Your magical capacity is low. (-10% MP) [a
                  | shining eye]
 65233 | Abyss:2  | Found a sparkling altar of Nemelex Xobeh.
 65287 | Abyss:3  | Learned a level 2 spell: Passwall
 65290 | Abyss:3  | Learned a level 2 spell: Sublimation of Blood
 65334 | Abyss:3  | Found a corrupted altar of Lugonu.
 65345 | Abyss:3  | Reached skill level 1 in Summonings
 65372 | Abyss:3  | Paralysed by accursed screaming for 1 turns
 65425 | Abyss:3  | Found a corrupted altar of Lugonu.
 65461 | Abyss:3  | Found a snail-covered altar of Cheibriados.
 65480 | Abyss:3  | Identified the +6 chain mail "Jib Bouc" {Str+3}
 65557 | Abyss:3  | Found a corrupted altar of Lugonu.
 65657 | Abyss:4  | Found a corrupted altar of Lugonu.
 65753 | Abyss:4  | Paralysed by accursed screaming for 1 turns
 65763 | Abyss:4  | Found a corrupted altar of Lugonu.
 65823 | Abyss:5  | Entered Level 5 of the Abyss
 65851 | Abyss:5  | Found a corrupted altar of Lugonu.
 65854 | Abyss:5  | Got an abyssal rune of Zot
 65896 | Depths:4 | Escaped the Abyss
 66103 | D:11     | Bought a ration for 50 gold pieces
 66103 | D:11     | Bought a ration for 50 gold pieces
 66103 | D:11     | Bought a ration for 50 gold pieces
 66103 | D:11     | Bought a ration for 50 gold pieces
 66103 | D:11     | Bought a ration for 50 gold pieces
 66103 | D:11     | Bought a ration for 50 gold pieces
 66103 | D:11     | Bought a ration for 50 gold pieces
 66103 | D:11     | Bought a ration for 50 gold pieces
 66103 | D:11     | Bought a ration for 50 gold pieces
 66103 | D:11     | Bought a ration for 50 gold pieces
 66325 | Snake:3  | Bought a +5 ring of strength for 618 gold pieces
 66335 | Snake:3  | Bought the ring "Minutz" {Ice Str+2 Dex+2} for 848 gold
                  | pieces
 66800 | Pan      | Entered Pandemonium
 66888 | Pan      | Noticed Mennas
 66897 | Pan      | Killed Mennas
 66925 | Pan      | Noticed Gibue the pandemonium lord
 66996 | Pan      | Killed Gibue the pandemonium lord
 67047 | Pan      | Found a runed translucent door.
 67181 | Pan      | Noticed Qasmi the pandemonium lord
 67186 | Pan      | Killed Qasmi the pandemonium lord
 67324 | Pan      | Gained mutation: Scrolls take you a little longer to read.
                  | [a neqoxec]
 67336 | Pan      | Lost mutation: Your magical capacity is low. (-10% MP)
                  | [potion of mutation]
 67336 | Pan      | Lost mutation: Your spells are a little easier to cast, but
                  | a little less powerful. [potion of mutation]
 67336 | Pan      | Lost mutation: You have a pair of small antennae on your
                  | head. [potion of mutation]
 67336 | Pan      | Lost mutation: You are partially covered in molten scales.
                  | (AC +2) [potion of mutation]
 67336 | Pan      | Gained mutation: You are partially covered in molten
                  | scales. (AC +2) [potion of mutation]
 67336 | Pan      | Lost mutation: One of your tentacles bears a nasty spike.
                  | [potion of mutation]
 67336 | Pan      | Gained mutation: Your system is resistant to poisons.
                  | (rPois) [potion of mutation]
 67337 | Pan      | Lost mutation: One of your tentacles bears a spike. [potion
                  | of mutation]
 67337 | Pan      | Gained mutation: Your magical capacity is low. (-10% MP)
                  | [potion of mutation]
 67337 | Pan      | Gained mutation: You possess an exceptional clarity of
                  | mind. [potion of mutation]
 67337 | Pan      | Gained mutation: Your mind is very acute. (Int +4) [potion
                  | of mutation]
 67338 | Pan      | Lost mutation: Your magical capacity is low. (-10% MP)
                  | [potion of mutation]
 67338 | Pan      | Lost mutation: You are agile. (Dex +2) [potion of mutation]
 67338 | Pan      | Gained mutation: One of your tentacles bears a spike.
                  | [potion of mutation]
 67338 | Pan      | Gained mutation: You are covered in fur. (AC +1) [potion of
                  | mutation]
 67339 | Pan      | Lost mutation: You are covered in fur. (AC +1) [potion of
                  | mutation]
 67339 | Pan      | Lost mutation: One of your tentacles bears a spike. [potion
                  | of mutation]
 67339 | Pan      | Gained mutation: You occasionally shout uncontrollably at
                  | your foes. [potion of mutation]
 67339 | Pan      | Gained mutation: You are partially covered in large bone
                  | plates. (SH +4) [potion of mutation]
 67353 | Pan      | Noticed Lymemeig the pandemonium lord
 67365 | Pan      | Killed Lymemeig the pandemonium lord
 67493 | Pan      | Noticed Yxeyh the pandemonium lord
 67501 | Pan      | Killed Yxeyh the pandemonium lord
 67726 | Pan      | Entered the realm of Cerebov.
 67879 | Pan      | Reached skill level 10 in Fighting
 68492 | Pan      | Identified the Grimoire of the Supportive Compass
 68683 | Pan      | Lost mutation: You are partially covered in molten scales.
                  | (AC +2) [potion of mutation]
 68683 | Pan      | Lost mutation: Scrolls take you a little longer to read.
                  | [potion of mutation]
 68683 | Pan      | Gained mutation: You are somewhat resistant to further
                  | mutation. [potion of mutation]
 68683 | Pan      | Lost mutation: You are partially covered in large bone
                  | plates. (SH +4) [potion of mutation]
 68719 | Pan      | Identified the +6 sword of Cerebov {flame}
 68719 | Pan      | Noticed Cerebov
 68744 | Pan      | Killed Cerebov
 68795 | Pan      | Got a fiery rune of Zot
 69243 | Pan      | Reached skill level 15 in Fighting
 69406 | Pan      | Found a white marble altar of Elyvilon.
 69677 | Pan      | Identified the +2 large shield of Winter {MR+ Regen+
                  | Stlth+}
 69693 | Pan      | Identified the +7 large shield of Pofuebb {rC+ Dex+4}
 69723 | Pan      | Found a glowing silver altar of Zin.
 70121 | Pan      | Identified the ring of the Past {Wiz rPois}
 70121 | Pan      | Noticed a seraph
 70123 | Pan      | Identified the +4 scale mail of Time Monsters {rF++ MR-
                  | Regen+ Int+2}
 70123 | Pan      | Identified the ring of Midnight {MR+ Str+2 Slay+6}
 70127 | Pan      | Killed a seraph
 70178 | Pan      | Found a glowing golden altar of the Shining One.
 70179 | Pan      | Identified the ring of the Tormentor {+Fly Slay+5}
 70180 | Pan      | Got a demonic rune of Zot
 70209 | Pan      | Identified the Volume of Helpful Flames
 70517 | Pan      | Noticed Qissian the pandemonium lord
 70535 | Pan      | Killed Qissian the pandemonium lord
 70562 | Pan      | Reached skill level 15 in Necromancy
 70578 | Pan      | Entered the realm of Lom Lobon.
 70793 | Pan      | Noticed Lom Lobon
 70888 | Pan      | Got a magical rune of Zot
 70942 | Pan      | Reached skill level 15 in Transmutations
 71226 | Pan      | Entered the realm of Mnoleg.
 71315 | Pan      | Found an exit through the horrors of the Abyss.
 71462 | Pan      | Noticed Mnoleg
 71482 | Pan      | Killed Mnoleg
 71534 | Pan      | Got a glowing rune of Zot
 71696 | Pan      | Entered the realm of Gloorx Vloq.
 71710 | Pan      | Found an exit through the horrors of the Abyss.
 71747 | Pan      | Noticed Lom Lobon
 71787 | Pan      | Killed Lom Lobon
 71988 | Pan      | Noticed Gloorx Vloq
 71992 | Pan      | Got a dark rune of Zot
 71999 | Pan      | Killed Gloorx Vloq
 72118 | Pan      | Took an exit into the Abyss.
 72118 | Abyss:1  | Escaped into the Abyss
 72128 | Abyss:1  | Reached skill level 27 in Unarmed Combat
 72149 | Depths:2 | Escaped the Abyss
 72196 | Hell     | Entered the Vestibule of Hell
 72196 | Hell     | Noticed Geryon
 72203 | Hell     | Killed Geryon
 72271 | Hell     | Found a gateway to the ashen valley of Gehenna.
 72297 | Geh:1    | Entered Level 1 of Gehenna
 72892 | Geh:4    | You fall into a shaft and drop 1 floor!
 73043 | Geh:7    | Entered Level 7 of Gehenna
 73206 | Geh:7    | Identified the +7 sceptre of Asmodeus
 73206 | Geh:7    | Noticed Asmodeus
 73217 | Geh:7    | Killed Asmodeus
 73244 | Geh:7    | Got an obsidian rune of Zot
 73395 | Hell     | Found a gateway to the Iron City of Dis.
 73404 | Dis:1    | Entered Level 1 of the Iron City of Dis
 73647 | Dis:2    | You fall into a shaft and drop 1 floor!
 73730 | Dis:4    | You fall into a shaft and drop 2 floors!
 73810 | Dis:7    | Entered Level 7 of the Iron City of Dis
 74004 | Dis:7    | Identified the +4 staff of Dispater
 74004 | Dis:7    | Noticed Dispater
 74020 | Dis:7    | Killed Dispater
 74107 | Dis:7    | Found the +8 frozen axe "Frostbite" {freezing cloud, *Noise
                  | +Fly rC+}
 74108 | Dis:7    | Got an iron rune of Zot
 74112 | Dis:7    | Found the +12 glaive of Prune {chop}
 74206 | Hell     | Found a gateway to the freezing wastes of Cocytus.
 74230 | Coc:1    | Entered Level 1 of Cocytus
 74334 | Coc:1    | You fall into a shaft and drop 1 floor!
 74370 | Coc:3    | You fall into a shaft and drop 2 floors!
 74717 | Coc:7    | Entered Level 7 of Cocytus
 74820 | Coc:7    | Identified Sif Muna's Handbook of the Fetching Blaze
 74881 | Coc:7    | Noticed Antaeus
 74894 | Coc:7    | Killed Antaeus
 74959 | Coc:7    | Got an icy rune of Zot
 74962 | Coc:7    | Identified the Tome of Mutagenic Bewitchment
 74967 | Coc:7    | Learned a level 2 spell: Song of Slaying
 74969 | Coc:7    | Got a translucent ivory ring
 74971 | Coc:7    | Identified the ring "Hicemp" {Fire *Drain +Fly MR+ Dex+2}
                  | (You found it on level 7 of Cocytus)
 75064 | Hell     | Found a gateway to the decaying netherworld of Tartarus.
 75073 | Tar:1    | Entered Level 1 of Tartarus
 75323 | Tar:5    | You fall into a shaft and drop 1 floor!
 75370 | Tar:6    | Reached skill level 27 in Fighting
 75517 | Tar:7    | Entered Level 7 of Tartarus
 75590 | Tar:7    | Reached skill level 15 in Dodging
 75760 | Tar:7    | Identified the +1 chain mail of the Endless Expanse {rElec
                  | MR- Str+2}
 75798 | Tar:7    | Identified the Guide on Feathery Stones
 75820 | Tar:7    | Got a twitching brass amulet
 75902 | Tar:7    | Got a bone rune of Zot
 75928 | Tar:7    | Noticed Ereshkigal
 75964 | Tar:7    | Killed Ereshkigal
 76441 | Tomb:1   | Entered Level 1 of the Tomb of the Ancients
 76518 | Tomb:1   | Noticed a greater mummy
 76518 | Tomb:1   | Noticed a greater mummy
 76523 | Tomb:1   | Killed a greater mummy
 76523 | Tomb:1   | Noticed a greater mummy
 76526 | Tomb:1   | Killed a greater mummy
 76529 | Tomb:1   | Killed a greater mummy
 76545 | Tomb:1   | Noticed a greater mummy
 76546 | Tomb:1   | Killed a greater mummy
 76552 | Tomb:1   | Noticed a greater mummy
 76556 | Tomb:1   | Killed a greater mummy
 76561 | Tomb:1   | Noticed a greater mummy
 76564 | Tomb:1   | Killed a greater mummy
 76568 | Tomb:1   | Noticed a greater mummy
 76573 | Tomb:1   | Killed a greater mummy
 76616 | Tomb:1   | Noticed a greater mummy
 76616 | Tomb:1   | Noticed a greater mummy
 76617 | Tomb:1   | Noticed a greater mummy
 76649 | Tomb:1   | Noticed an ancient lich
 76654 | Tomb:1   | Killed an ancient lich
 76747 | Tomb:1   | Killed a greater mummy
 76754 | Tomb:1   | Killed a greater mummy
 77010 | Tomb:1   | Noticed a greater mummy
 77020 | Tomb:1   | Killed a greater mummy
 77022 | Tomb:1   | Killed a greater mummy
 77132 | Tomb:1   | Noticed a greater mummy
 77145 | Tomb:1   | Killed a greater mummy
 77155 | Tomb:1   | Noticed a greater mummy
 77160 | Tomb:1   | Noticed a greater mummy
 77162 | Tomb:1   | Noticed a greater mummy
 77166 | Tomb:1   | Killed a greater mummy
 77167 | Tomb:1   | Noticed a greater mummy
 77167 | Tomb:1   | Noticed a greater mummy
 77172 | Tomb:1   | Killed a greater mummy
 77181 | Tomb:1   | Killed a greater mummy
 77188 | Tomb:1   | Killed a greater mummy
 77199 | Tomb:1   | Killed a greater mummy
 77217 | Tomb:1   | Noticed a greater mummy
 77227 | Tomb:1   | Killed a greater mummy
 77556 | Tomb:1   | Noticed a greater mummy
 77564 | Tomb:1   | Killed a greater mummy
 77812 | Tomb:2   | Noticed a greater mummy
 78002 | Tomb:2   | Noticed a greater mummy
 78016 | Tomb:2   | Killed a greater mummy
 78025 | Tomb:2   | Noticed a greater mummy
 78026 | Tomb:2   | Killed a greater mummy
 78034 | Tomb:2   | Noticed a greater mummy
 78038 | Tomb:2   | Killed a greater mummy
 78047 | Tomb:2   | Noticed a greater mummy
 78048 | Tomb:2   | Killed a greater mummy
 78052 | Tomb:2   | Killed a greater mummy
 78647 | Depths:3 | Voluntarily entered the Abyss.
 78659 | Abyss:1  | Paralysed by accursed screaming for 1 turns
 78909 | Abyss:2  | Found a corrupted altar of Lugonu.
 78939 | Abyss:2  | Gained mutation: Scrolls take you a little longer to read.
                  | [a neqoxec]
 78973 | Depths:3 | Escaped the Abyss
 78975 | Depths:3 | Lost mutation: Scrolls take you a little longer to read.
                  | [potion of mutation]
 78975 | Depths:3 | Lost mutation: Your system is resistant to poisons. (rPois)
                  | [potion of mutation]
 78975 | Depths:3 | Lost mutation: You possess an exceptional clarity of mind.
                  | [potion of mutation]
 78975 | Depths:3 | Gained mutation: You are resistant to electric shocks.
                  | (rElec) [potion of mutation]
 79315 | Tomb:2   | Identified the amulet "Axulugosm" {Gourm Fragile rElec rN+
                  | MR++} (You found it on level 7 of Tartarus)
 79346 | Tomb:3   | Entered Level 3 of the Tomb of the Ancients
 79384 | Tomb:3   | Noticed a greater mummy
 79391 | Tomb:3   | Noticed an ancient lich
 79396 | Tomb:3   | Noticed a greater mummy
 79400 | Tomb:3   | Killed an ancient lich
 79406 | Tomb:3   | Killed a greater mummy
 79410 | Tomb:3   | Killed a greater mummy
 79604 | Tomb:3   | Noticed an ancient lich
 79607 | Tomb:3   | Noticed a greater mummy
 79610 | Tomb:3   | Noticed a greater mummy
 79611 | Tomb:3   | Noticed a greater mummy
 79622 | Tomb:3   | Killed a greater mummy
 79623 | Tomb:3   | Killed an ancient lich
 79625 | Tomb:3   | Noticed a greater mummy
 79639 | Tomb:3   | Killed a greater mummy
 79639 | Tomb:3   | Killed a greater mummy
 79640 | Tomb:3   | Killed a greater mummy
 79667 | Tomb:3   | Identified Sif Muna's Collected Works on Hexes
 79692 | Tomb:3   | Got a fine wooden ring
 79694 | Tomb:3   | Identified the ring of Vehumet's Benevolence {MR+ MP+9
                  | Str+4} (You found it on level 3 of the Tomb of the
                  | Ancients)
 79701 | Tomb:3   | Got a scorched silver ring
 79703 | Tomb:3   | Identified the ring "Feogu" {rC+ rN+ Str+3} (You found it
                  | on level 3 of the Tomb of the Ancients)
 79790 | Tomb:3   | Noticed a greater mummy
 79800 | Tomb:3   | Killed a greater mummy
 79873 | Tomb:3   | Got a golden rune of Zot
 80459 | Zot:5    | Got the Orb of Zot
 80519 | Zot:5    | Noticed Sej Keo the pandemonium lord
 80519 | Zot:5    | Noticed an ancient lich
 80526 | Zot:4    | Killed Sej Keo the pandemonium lord
 80579 | Zot:3    | Noticed Pooraum the pandemonium lord
 80590 | Zot:2    | Killed Pooraum the pandemonium lord
 80604 | Zot:2    | Noticed Soufuum the pandemonium lord
 80610 | Zot:2    | Killed Soufuum the pandemonium lord
 80760 | Depths:3 | Noticed Emad the pandemonium lord
 80766 | Depths:3 | Killed Emad the pandemonium lord
 80786 | Depths:3 | Noticed Udixkabb the pandemonium lord
 80999 | D:10     | Gained mutation: You sometimes yell uncontrollably at your
                  | foes. [a cacodemon]
 81067 | D:8      | Noticed Daok the pandemonium lord
 81074 | D:8      | Killed Daok the pandemonium lord
 81278 | D:$      | Escaped with the Orb!

Levels and vault maps discovered:
D:1:      wander_arrival_peaceful_grave, layout_basic
D:2:      layout_loops_ring, gammafunk_temple_overflow_wave,
          yredelemnul_altar_generic
D:3:      layout_basic, goddamned_bats, uniq_crazy_yiuf_cottage, uniq_jessica
D:4:      layout_basic, kiku_gazebo_garden_becter,
          gammafunk_temple_overflow_arena, gammafunk_ghost_smash
D:5:      gammafunk_steamed_eel, layout_basic, first_ration,
          chequers_serial_rivers_marsh, uniq_edmund
D:6:      layout_basic, uniq_blork_the_orc
D:7:      layout_basic, overflow_temple_1_default, temple_fountains,
          grunt_livestock
D:8:      layout_cave_pools, nicolae_overflow_crystal_walls, erik_lair_island,
          enter_bailey_3, hex_large, nrook_loot_triangle,
          minmay_misc_feat_enclosed, uniq_maurice, uniq_psyche, uniq_erica
D:9:      layout_loops_ring, marbit_many_paths, kennysheep_mini, david_orc_3,
          minmay_shop_damaged, columned_hall_lemuel, hangedman_tree_tricks
D:10:     layout_grid_maze, special_room [special_room_orc], uniq_josephine,
          uniq_harold, uniq_grum
D:11:     layout_cave_pools, serial_shops, shop_fountains, zaba_antful_of_joy
D:12:     minmay_blocking_statues, layout_layer_cave, basic_altar, uniq_rupert
D:13:     layout_cave_pods
D:14:     layout_layer_cave, skrybe_vaults_entry_preservation,
          serial_park_square2
D:15:     gammafunk_enter_depths_forms, layout_loops_corners,
          minmay_shop_enchanted_jewellery
Temple:   nicolae_temple_x_marks_the_god
Lair:1:   layout_cave_shapes, beast_lair_carwin_10, grunt_megastairs_3
Lair:2:   layout_hall_layers, serial_bayou_ford_a,
          grunt_forest_large_clearing_hut
Lair:3:   layout_roguey, serial_bayou_shore_b
Lair:4:   layout_regular_city, minmay_shoals_entry_centaurs,
          guppyfry_snake_entry_garden, kennysheep_abandoned_house,
          serial_bayou_shore_b, lemuel_fruit_tree
Lair:5:   layout_regular_city, roderic_batcave, infiniplex_staircase_pool_2,
          grunt_megastairs_4, uniq_kirke
Lair:6:   cheibrodos_lair_end_hotspot, layout_hall_layers,
          dpeg_slime_entry_corner
Shoals:1: layout_shoals, uniq_nikola
Shoals:2: layout_shoals, nicolae_shoals_undead_eyrie, uniq_ilsuiw, uniq_donald
Shoals:3: layout_shoals
Shoals:4: shoals_end_grunt_ice, layout_shoals,
          portal_ice_cave_entry_pillars_three, nicolae_shoals_drake_roost
Snake:1:  layout_onion, serial_bayou_shore_b, uniq_aizul
Snake:2:  layout_cave_pods, nicolae_snake_springs
Snake:3:  layout_chambers, st_stairs_11, lemuel_oklob_altar, minmay_shop_grove
Snake:4:  grunt_snake_rune_spirals, layout_onion
Slime:1:  layout_caves
Slime:2:  layout_caves, basic_altar, dissolution_awaits
Slime:3:  layout_caves, basic_altar
Slime:4:  layout_caves, uniq_dissolution
Slime:5
Orc:1:    layout_caves, uniq_gastronok
Orc:2:    st_orc_pillars, layout_diamond_mine, uniq_azrael
Elf:1:    elf_arrival_002, layout_rooms, kennysheep_underground_church,
          minmay_shop_mayhem
Elf:2:    layout_geoelf_octagon, guppyfry_elf_castle, uniq_roxanne
Elf:3:    nooodl_elf_gasket, layout_geoelf_octagon
Vaults:1: nicolae_vaults_shelves_hall, vaults_mumra_hex,
          vaults_dpeg_encased_lava, v_misc_14, dpeg_vaults_monster_box,
          vaults_room_stairs_pillars, layout_vaults_omnigrid,
          nicolae_trove_entry_diagonal
Vaults:2: ontoclasm_vaults_pinch, vaults_standard_mumra_lines,
          grunt_tower_of_power, minmay_crypt_entry_necro_gods,
          nicolae_vaults_puzzle_piece, vaults_room_grid, grunt_vaults_diagonal,
          v_pattern_3, nicolae_vaults_three_branches, nicolae_vaults_triangles,
          grunt_vaults_bifocal, v_misc_23, ontoclasm_vaults_loading_screen,
          nicolae_vaults_yaktaur_gun_rack, layout_vaults_maze_snakey
Vaults:3: v_misc_11, grunt_vaults_funnel, vaults_dpeg_diagonal,
          vaults_room_fancy_cross, nicolae_vaults_little_squares_3,
          ontoclasm_vaults_misaligned, hangedman_vaults_corner,
          nicolae_vaults_asterisk, grunt_vaults_trifunnel, vaults_room_pools,
          vaults_room_corners, vaults_dpeg_hooks, layout_vaults_ring
Vaults:4: v_pattern_2, v_misc_23, ontoclasm_vaults_eye,
          nicolae_vaults_network_quincunx
          [nicolae_vaults_network_quincunx_subvault,
          nicolae_vaults_network_quincunx_subvault,
          nicolae_vaults_network_quincunx_subvault,
          nicolae_vaults_network_quincunx_subvault,
          nicolae_vaults_network_quincunx_subvault], vaults_mumra_minichess,
          vaults_mumra_hexcomb, v_misc_5, ontoclasm_vaults_ring_small,
          v_alt_pattern_3, ontoclasm_vaults_claustrophobia,
          nicolae_vaults_display_case, vaults_room_large_hall,
          nicolae_vaults_little_squares_4, layout_vaults_omnibox
Vaults:5: serial_shops
Crypt:1:  layout_catacombs, minmay_misc_feat_alley
Crypt:2:  layout_catacombs
Crypt:3:  church_of_pain_bobbens, layout_chaotic_city, uniq_saint_roka,
          uniq_boris
Tomb:1
Tomb:2
Tomb:3
Depths:1: layout_cave_pools, hellmouth_1, minmay_variable_closet,
          kennysheep_decorative_pillar, fountainhead,
          chequers_serial_rivers_micro_b, minmay_multi_spiral
Depths:2: radiant_caverns_b_rkd, hell_entry, pan_entry
Depths:3: minmay_ambush_box, layout_basic, pan_entry, abyss_entry,
          serial_sigils_hangedman_quiver, grunt_hell_entry_dis_grunt, uniq_jory,
          uniq_xtahua
Depths:4: minmay_guarded_unrand_majin_bo, layout_basic, hell_entry,
          abyss_entry_flame_altar, minmay_misc_feat_nine_boxes, uniq_sojobo
Depths:5: evilmike_zot_entry_diamond, layout_cave_pools,
          hangedman_decor_peaks_small, grunt_pan_entry_spiral, hell_entry
Hell
Dis:1:    layout_jigsaw
Dis:2:    layout_gridville
Dis:3:    layout_overlapping_boxes
Dis:4:    layout_gridville
Dis:6:    layout_jigsaw
Dis:7:    dis_st
Geh:1:    layout_gehenna_pools_triple
Geh:2:    layout_gehenna_pools_basic
Geh:3:    layout_gehenna_lava_caves, lemuel_hellion_isle
Geh:4:    layout_gehenna_lava_caves
Geh:5:    layout_gehenna_lava_caves
Geh:6:    layout_gehenna_lava_caves
Geh:7:    geh_hangedman
Coc:1:    layout_ice_bergs
Coc:2:    layout_cocytus_water_paths
Coc:3:    layout_ice_bergs
Coc:5:    layout_ice_bergs
Coc:6:    layout_ice_bergs
Coc:7:    coc_grunt
Tar:1:    layout_catacombs
Tar:2:    layout_cathedral_of_symmetry
Tar:3:    layout_catacombs, nicolae_tar_cuneiform_two,
          nicolae_tar_cuneiform_city, hangedman_tartarus_temple_path,
          nicolae_tar_cuneiform_bread, grunt_megastairs_1
Tar:4:    layout_honeycomb
Tar:5:    layout_grid_maze
Tar:6:    layout_grid_maze, nicolae_tar_cuneiform_not,
          nicolae_tar_cuneiform_heaven
Tar:7:    tar_grunt_cathedral
Zot:1:    layout_basic
Zot:2:    layout_concentric_octagons
Zot:3:    layout_gridlike
Zot:4:    nicolae_zot_draconian_monastery, layout_twisted_circle, nrook_zot_tub,
          uniq_tiamat
Zot:5:    layout_cathedral_of_symmetry

Skill      XL: |  1  2  3  4  5  6  7  8  9 10 11 12 13 14 15 16 17 18 19 20 21 22 23 24 25 26 27 |
---------------+----------------------------------------------------------------------------------+-----
Transmutations | 3 6 7 8 9 19 | 19.2
Poison Magic   | 2 3 |  3.8
Unarmed Combat | 4 6 8 10 13 14 16 17 19 20 21 22 23 27 | 27.0
Fighting       | 6 7 27 | 27.0
Dodging        | 5 6 7 8 12 20 | 20.2
Ice Magic      | 3 |  3.9
Invocations    | 3 7 11 15 23 | 23.0
Translocations | 2 |  2.0
Spellcasting   | 6 10 13 16 | 16.5
Stealth        | 5 |  5.5
Charms         | 2 4 6 9 |  9.0
Necromancy     | 2 4 19 | 19.5
Earth Magic    | 9 10 21 | 21.0
Shields        | 4 12 15 19 25 | 25.0
Air Magic      | 5 8 |  8.7
Evocations     | 5 14 | 14.1
Summonings     | 4 |  4.3

Action                   |  1- 3 |  4- 6 |  7- 9 | 10-12 | 13-15 | 16-18 | 19-21 | 22-24 | 25-27 || total
-------------------------+-------+-------+-------+-------+-------+-------+-------+-------+-------++-------
Melee: Unarmed           |    30 |    76 |   246 |   353 |   883 |   231 |   755 |   663 |  4748 ||  7985
       Constrict         |    19 |    10 |    19 |    10 |    30 |    48 |   142 |   145 |   859 ||  1282
       Kick              |    17 |     2 |     2 |     3 |       |     2 |   355 |   362 |  1076 ||  1819
       Tentacles         |     6 |     8 |    22 |     6 |    36 |    66 |   190 |   189 |  1370 ||  1893
       Short sword       |    39 |    44 |    71 |    30 |     3 |       |       |       |       ||   187
       Punch             |     1 |     1 |     5 |     2 |    32 |    60 |   154 |   163 |  1192 ||  1610
       Staff             |       |       |       |       |       |       |       |       |    23 ||    23
Throw: Stone             |       |       |       |       |     3 |     5 |    16 |     2 |    18 ||    44
       Throwing net      |       |       |       |       |       |       |       |       |     8 ||     8
 Cast: Beastly Appendage |    21 |     4 |     1 |       |       |       |       |       |       ||    26
       Sticks to Snakes  |     4 |       |    13 |       |       |       |       |       |       ||    17
       Spider Form       |     3 |    19 |    50 |    11 |     4 |       |       |       |       ||    87
       Ice Form          |       |       |       |    40 |    99 |       |       |       |       ||   139
       Regeneration      |       |       |       |       |    29 |     4 |    30 |    27 |   119 ||   209
       Blade Hands       |       |       |       |       |     5 |     1 |       |       |       ||     6
       Statue Form       |       |       |       |       |     2 |    22 |    66 |    74 |   293 ||   457
       Blink             |       |       |       |       |       |       |     2 |       |     6 ||     8
       Deflect Missiles  |       |       |       |       |       |       |       |     2 |    10 ||    12
       Apportation       |       |       |       |       |       |       |       |       |    38 ||    38
       Shatter           |       |       |       |       |       |       |       |       |    35 ||    35
       Lee's Rapid Decon |       |       |       |       |       |       |       |       |    33 ||    33
       Necromutation     |       |       |       |       |       |       |       |       |    25 ||    25
       Passwall          |       |       |       |       |       |       |       |       |     6 ||     6
       Confusing Touch   |       |       |       |       |       |       |       |       |     1 ||     1
       Summon Butterflie |       |       |       |       |       |       |       |       |     1 ||     1
Invok: Slouch            |       |       |       |     2 |     8 |     3 |     8 |     6 |    54 ||    81
       Temporal Distorti |       |       |       |       |    14 |       |     8 |     3 |    27 ||    52
       Bend Time         |       |       |       |       |     4 |       |       |       |    14 ||    18
       Step From Time    |       |       |       |       |       |       |       |     1 |     2 ||     3
 Abil: End Transformatio |     1 |     1 |     2 |     8 |    27 |     2 |     2 |     2 |    14 ||    59
       Evoke Invisibilit |       |       |       |       |       |       |       |       |     6 ||     6
Evoke: Wand              |       |       |    10 |    16 |    25 |       |     2 |     3 |    24 ||    80
       Staff of energy   |       |       |       |       |       |       |       |       |     6 ||     6
       Staff of Dispater |       |       |       |       |       |       |       |       |     3 ||     3
       Sceptre of Asmode |       |       |       |       |       |       |       |       |     1 ||     1
  Use: Scroll            |     5 |     2 |     9 |     6 |    11 |    11 |    11 |    13 |    40 ||   108
       Potion            |       |     3 |     5 |     6 |     4 |     3 |       |       |    26 ||    47
 Stab: Sleeping          |     2 |     1 |     4 |     6 |    20 |     7 |    20 |    22 |    49 ||   131
       Invisible         |       |       |       |     2 |     1 |       |       |       |    30 ||    33
       Distracted        |       |       |       |     2 |     5 |     1 |     3 |     5 |    27 ||    43
       Held in net/web   |       |       |       |       |       |       |       |       |     6 ||     6
  Eat: Chunk             |     3 |     6 |    13 |    11 |    14 |    13 |    34 |    35 |    20 ||   149
       Ration            |       |     1 |     4 |     3 |     8 |     1 |     4 |     2 |    24 ||    47
Armor: Skin              |       |    12 |    16 |    34 |   141 |   119 |   276 |   103 |   760 ||  1461
Dodge: Dodged            |    30 |   110 |   207 |   240 |   611 |   300 |   981 |   557 |  3168 ||  6204
       Deflected         |       |       |       |       |       |       |       |    14 |   134 ||   148
Block: Buckler           |       |       |       |       |       |    97 |   516 |    34 |       ||   647
       Shield            |       |       |       |       |       |       |       |   613 |   705 ||  1318
       Reflection        |       |       |       |       |       |       |       |    61 |    45 ||   106
       Large shield      |       |       |       |       |       |       |       |       |  6281 ||  6281
